 Dungeon Crawl Stone Soup version 0.20-a0-11-ga97c7b5 (webtiles) character file.

47 dobroeutro the Cudgeler (level 3, 0/23 HPs)
             Began as a Gargoyle Fighter on Nov 2, 2016.
             Killed from afar by Ijyb (1 damage)
             ... with a wand of lightning
             ... on level 2 of the Dungeon.
             The game lasted 00:01:19 (1082 turns).

dobroeutro the Cudgeler (Gargoyle Fighter)          Turns: 1082, Time: 00:01:20

Health: 0/23       AC: 10    Str: 20    XL:     3   Next: 70%
Magic:  3/3        EV:  7    Int:  8    God:
Gold:   49         SH:  9    Dex:  9    Spells: 0 memorised, 2 levels left

rFire  . . .     SeeInvis .     a - +0 flail
rCold  . . .     Gourm    .     b - +0 scale mail
rNeg   + . .     Faith    .     c - +0 shield
rPois  ∞         Spirit   .     (no helmet)
rElec  +         Reflect  .     (no cloak)
rCorr  .         Harm     .     (no gloves)
MR     .....                    (no boots)
Stlth  ..........               (no amulet)
                                (no ring)
                                (no ring)

@: no status effects
A: negative energy resistance 1, electricity resistance, unbreathing,
petrification resistance, rot immunity, AC +3
a: no special abilities


You were on level 2 of the Dungeon.
You were hungry.

You visited 1 branch of the dungeon, and saw 2 of its levels.

You collected 49 gold pieces.

Inventory:

Hand Weapons
 a - a +0 flail (weapon)
Armour
 b - a +0 scale mail (worn)
 c - a +0 shield (worn)
Jewellery
 h - an uncursed ring of protection from cold {unknown}
Scrolls
 g - a scroll of identify {unknown}
 i - a scroll of enchant armour {unknown}
 j - a scroll of enchant weapon {unknown}
Potions
 d - a potion of might
 e - a potion of brilliance {unknown}
 k - a potion of mutation {unknown}
 l - a potion of curing {unknown}
Comestibles
 f - a bread ration


   Skills:
 - Level 3.2 Fighting
 + Level 3.9 Maces & Flails
 - Level 3.2 Armour
 - Level 3.2 Shields


You had 2 spell levels left.
You didn't know any spells.

Dungeon Overview and Level Annotations

Branches:
Dungeon (2/15)

Altars:
Cheibriados
Xom

Annotations:
D:2 Ijyb


Innate Abilities, Weirdness & Mutations

You are resistant to torment.
Your stone body is resilient. (AC +3)
You are immune to poison.
You resist negative energy. (rN+)
You are resistant to electric shocks. (rElec)
You can survive without breathing.
You are immune to petrification.
You are immune to rotting.


Message History

You are too injured to fight recklessly!
You are too injured to fight recklessly!
You are too injured to fight recklessly!
You are too injured to fight recklessly!
You are too injured to fight recklessly!
You closely miss Ijyb.
Ijyb is lightly wounded.
Ijyb zaps a wand.
The bolt of lightning hits you! You resist.
* * * LOW HITPOINT WARNING * * *
You closely miss Ijyb.
Ijyb is lightly wounded.
Ijyb screams, "Me kill you!" Ijyb hits you but does no damage.
You thump Ijyb!
Ijyb is heavily wounded.
You block Ijyb's attack.
You hit Ijyb.
Ijyb is severely wounded.
Ijyb zaps a wand.
The bolt of lightning hits you! You resist.
You die...

########### #.........#
#.........# #.........#
################.........#
#.......bg@.......#..######
#........######............
#........# #####.####...
#........# #.# #...
#........# #.# #...
#........# #.# #...
##≈≈≈.....## #.# #...
##≈≈≈≈≈.....# #.# #...
#_≈≈w≈≈..##...# #.# #...


You could see Ijyb and a bat.

Vanquished Creatures
  An ooze (D:1)
  2 worms (D:2)
  7 goblins (D:1)
  7 hobgoblins
  3 jackals (D:1)
  A ball python (D:1)
  4 bats
  4 frilled lizards
  4 kobolds (D:1)
  3 rats (D:1)
36 creatures vanquished.

Vanquished Creatures (others)
  5 toadstools (D:1)
5 creatures vanquished.

Grand Total: 41 creatures vanquished

Notes
Turn   | Place    | Note
-------+----------+-------------------------------------------
     0 | D:1      | dobroeutro the Gargoyle Fighter began the quest for the Orb.
     0 | D:1      | Reached XP level 1. HP: 14/14 MP: 1/1
   125 | D:1      | Reached XP level 2. HP: 19/19 MP: 2/2
   388 | D:1      | Reached XP level 3. HP: 21/23 MP: 3/3
   736 | D:2      | Found a shimmering altar of Xom.
  1062 | D:2      | Noticed Ijyb
  1063 | D:2      | Found a snail-covered altar of Cheibriados.
  1079 | D:2      | HP: 1/23 [Ijyb/wand of lightning (5)]
  1082 | D:2      | Killed from afar by Ijyb

Vault maps used:
D:1:      ldierk_walled_garden
D:2:      nicolae_overflow_crystal_walls, lemuel_round_altar,
          kennysheep_slug_shrine, uniq_iyjb, uniq_sigmund, uniq_jessica

Skill      XL: |  1  2 |
---------------+-------+-----
Maces & Flails | 3 |  3.9
Fighting       | |  3.2
Armour         | |  3.2
Shields        | |  3.2

Action                   || total
-------------------------++-------
Melee: Flail             ||   148
Armor: Scale mail        ||    91
Dodge: Dodged            ||    65
Block: Shield            ||    78
